 Dungeon Crawl Stone Soup version 0.20.0-4-g10b340a (webtiles) character file.

47 RKaid the Skirmisher (level 3, -2/34 HPs)
             Began as a Hill Orc Wanderer on May 28, 2017.
             Slain by an adder (4 damage)
             ... on level 1 of the Dungeon.
             The game lasted 00:05:10 (1746 turns).

RKaid the Skirmisher (Hill Orc Wanderer)            Turns: 1746, Time: 00:05:10

Health: -2/34      AC:  5    Str: 11 (13) XL:     3   Next: 70%
Magic:  3/3        EV:  7    Int: 14 (16) God:
Gold:   92         SH:  6    Dex:  7 (8)  Spells: 2/2 levels left

rFire    . . .     SeeInvis .   c - +0 mace
rCold    . . .     Gourm    .   h - +0 shield
rNeg     . . .     Faith    .   p - +0 ring mail
rPois    .         Spirit   .   (no helmet)
rElec    .         Reflect  .   (no cloak)
rCorr    .         Harm     .   (no gloves)
MR       .....                  (no boots)
Stlth    +.........             (no amulet)
Regen    0.2/turn               (no ring)
MPRegen  0.1/turn               (no ring)

@: lethally poisoned (-2 -> -8)
A: no striking features
a: no special abilities


You were on level 1 of the Dungeon.
You were not hungry.

You visited 1 branch of the dungeon, and saw 2 of its levels.

You collected 92 gold pieces.

Inventory:

Hand Weapons
 a - a +0 hand axe
   (You found it on level 1 of the Dungeon)
 b - a +0 hunting sling
   (You found it on level 1 of the Dungeon)
 c - a +0 mace (weapon)
 e - a +0 dagger
Missiles
 k - 13 sling bullets
 n - 56 stones (quivered)
 u - 7 poisoned needles
Armour
 d - a +0 robe
 h - a +0 shield (worn)
 p - a +0 ring mail (worn)
   (You found it on level 2 of the Dungeon)
Scrolls
 i - 3 scrolls of identify {unknown}
 m - a scroll of blinking {unknown}
 q - a scroll of immolation {unknown}
 s - 3 scrolls of remove curse {unknown}
Potions
 j - a potion of lignification {!q}
 o - a potion of ambrosia {unknown}
 t - a potion of curing {unknown}
Comestibles
 f - 2 bread rations
 l - a chunk of flesh
 r - a meat ration


   Skills:
 + Level 4.4 Fighting
 * Level 3.2(3.4) Axes
 - Level 1.1(2.0) Maces & Flails
 - Level 1.0 Throwing
 - Level 2.1 Armour
 - Level 1.5 Stealth
 - Level 1.1 Shields


You had 2 spell levels left.
You didn't know any spells.

Dungeon Overview and Level Annotations

Branches:
Dungeon (2/15)

Altars:


Message History

No target in view!
Eating one of 2 chunks of flesh.
You eat one of the 2 chunks of flesh.
This raw flesh tastes terrible.
You now have 92 gold pieces (gained 10).
t - a bubbling coppery potion
Things that are here:
a dagger x2; a club An adder comes into view.
n - 58 stones (gained 18)
You see here a dagger.
You see here 7 poisoned needles.
u - 7 poisoned needles
Found a stone staircase leading up.
A worm comes into view.
A worm is nearby!
The adder hisses angrily.
There is a stone staircase leading up here.
b - a +0 hunting sling (weapon)
Firing (i - inventory. (,) - cycle):
n - 58 stones (quivered)
Press: ? - help, Shift-Dir - straight line, f - adder
Aim: an adder You shoot a stone.
The stone hits the adder but does no damage.
Firing (i - inventory. (,) - cycle):
n - 57 stones (quivered)
Press: ? - help, Shift-Dir - straight line, f/p - adder
Aim: an adder You shoot a stone.
The stone closely misses the adder.
The adder bites you. You block the adder's attack.
You climb upwards.
There is a stone staircase leading down here.
a - a +0 hand axe (weapon)
You found a shaft!
The adder barely misses you.
You closely miss the adder. The adder barely misses you.
You miss the adder. You block the adder's attack.
The adder bites you but does no damage.
You barely miss the adder. The adder closely misses you.
The adder barely misses you.
Your shield and ring mail prevent you from hitting the adder.
The adder bites you but does no damage.
Your shield and ring mail prevent you from hitting the adder.
You block the adder's attack. The adder closely misses you.
You hit the adder. The adder bites you but does no damage.
Your shield prevents you from hitting the adder.
The adder bites you.
You are poisoned.
The adder poisons you! You block the adder's attack.
You hit the adder.
You feel sick. The adder bites you but does no damage.
You hit the adder but do no damage. The adder closely misses you.
The adder bites you.
You closely miss the adder.
You feel sick. You block the adder's attack. x2
You barely miss the adder. The adder barely misses you.
You hit the adder.
You feel sick. The adder closely misses you. The adder bites you.
You closely miss the adder. The adder bites you but does no damage.
Your shield and ring mail prevent you from hitting the adder.
The adder bites you but does no damage. x2
You miss the adder. The adder bites you but does no damage.
Your shield and ring mail prevent you from hitting the adder.
You feel sick. The adder bites you but does no damage.
The adder barely misses you.
Your shield prevents you from hitting the adder.
The adder barely misses you. You block the adder's attack.
Your ring mail prevents you from hitting the adder.
The adder bites you. x2
You closely miss the adder.
You feel sick. You block the adder's attack.
You closely miss the adder. The adder bites you.
The adder bites you but does no damage.
You hit the adder. You block the adder's attack.
You hit the adder.
You feel sick.
You are no longer poisoned.
The adder bites you. You block the adder's attack.
You barely miss the adder. The adder bites you.
You closely miss the adder. The adder bites you but does no damage.
The adder bites you.
You miss the adder. You block the adder's attack.
The adder bites you but does no damage.
You closely miss the adder. The adder bites you but does no damage.
You closely miss the adder.
The adder bites you but does no damage. x2
You closely miss the adder. The adder bites you.
The adder bites you but does no damage.
You closely miss the adder. The adder bites you.
* * * LOW HITPOINT WARNING * * *
You are poisoned.
The adder poisons you!
You miss the adder.
You feel sick.
The adder bites you but does no damage. x2
You feel sick.
c - a +0 mace (weapon)
The adder bites you but does no damage.
Your shield and ring mail prevent you from hitting the adder.
You feel sick. The adder bites you.
* * * LOW HITPOINT WARNING * * *
The adder bites you.
* * * LOW HITPOINT WARNING * * *
You are more poisoned.
The adder poisons you!
It was a potion of degeneration.
There was something very wrong with that liquid.
You feel weakened.
You feel dopey.
You feel clumsy. The adder bites you.
You die...

########## #
#..@S>..^# #
#.######.# # ##.## #
# ##...#####.# #
#######..........#
######......).......#
.......#####......#.#
........# ##...#.#.#
.....##.# ##.##.#.#


You could see an adder.

Vanquished Creatures
  3 dart slugs
  2 leopard geckos
  A giant cockroach (D:2)
  7 goblins
  7 hobgoblins
  4 jackals
  3 kobolds
  A ball python (D:2)
  2 bats
  3 frilled lizards
  2 rats
35 creatures vanquished.

Notes
Turn   | Place    | Note
-------+----------+-------------------------------------------
     0 | D:1      | RKaid the Hill Orc Wanderer began the quest for the Orb.
     0 | D:1      | RKaid set off with: a +0 shield, a potion of lignification {!q}, a +0 mace, a +0 robe, a +0 dagger, a bread ration
     0 | D:1      | Reached XP level 1. HP: 19/19 MP: 1/1
   210 | D:1      | Reached skill level 1 in Axes
   254 | D:1      | Reached XP level 2. HP: 21/27 MP: 2/2
   440 | D:1      | Reached skill level 2 in Axes
   498 | D:1      | Reached skill level 4 in Fighting
   831 | D:1      | Noticed a phantom
   863 | D:2      | Reached XP level 3. HP: 21/33 MP: 3/3
  1038 | D:1      | Reached skill level 3 in Axes
  1741 | D:1      | HP: 8/34 [poisoned by an adder]
  1745 | D:1      | HP: 2/34 [adder (4)]
  1746 | D:1      | Slain by an adder

Skill      XL: |  1  2  3 |
---------------+----------+-----
Axes           | 1 2 3 |  3.2
Fighting       | 4 |  4.4
Maces & Flails | |  1.1
Throwing       | |  1.0
Armour         | |  2.1
Stealth        | |  1.5
Shields        | |  1.1

Action                   || total
-------------------------++-------
Melee: Hand axe          ||   152
       Mace              ||     1
 Fire: Hunting sling     ||    25
  Use: Potion            ||     1
  Eat: Chunk             ||     3
Armor: Robe              ||    28
       Ring mail         ||    41
Dodge: Dodged            ||    73
Block: Shield            ||    79

Table legend:
 A = Turns spent in this place as a percentage of turns spent in the entire game.
 B = Non-inter-level travel turns spent in this place as a percentage of non-inter-level travel turns spent in the entire game.
 C = Inter-level travel turns spent in this place as a percentage of turns spent in this place.
 D = Turns resting spent in this place as a percentage of non-inter-level travel turns spent in this place.
 E = Turns spent auto-exploring this place as a percentage of non-inter-level travel turns spent in this place.
 F = Non-inter-level travel turns spent in this place divided by the number of levels of this place that you've seen.
                   A       B       C       D       E      F
               +-------+-------+-------+-------+-------+----------------------
         Total | 100.0 | 100.0 |   0.2 |   5.2 |   5.6 | 251.5
       Dungeon | 100.0 | 100.0 |   0.2 |   5.2 |   5.6 | 251.5
               +-------+-------+-------+-------+-------+----------------------

Table legend:
 A = Kills in this place as a percentage of kills in entire the game.
 B = Kills by you in this place as a percentage of kills by you in the entire game.
 C = Kills by friends in this place as a percentage of kills by friends in the entire game.
 D = Other kills in this place as a percentage of other kills in the entire game.
 E = Experience gained in this place as a percentage of experience gained in the entire game.
 F = Experience gained in this place divided by the number of levels of this place that you have seen.
                   A       B       C       D       E      F
               +-------+-------+-------+-------+-------+----------------------
         Total | 100.0 | 100.0 |  -nan |  -nan | 100.0 |  34.0
       Dungeon | 100.0 | 100.0 |  -nan |  -nan | 100.0 |  34.0
               +-------+-------+-------+-------+-------+----------------------
